 Dungeon Crawl Stone Soup version 0.19.4-8-ga85b6b9 (webtiles) character file.

211 zeke the Shield-Bearer (level 5, -1/47 HPs)
             Began as a Minotaur Fighter on Feb 13, 2017.
             Killed from afar by an orc wizard (14 damage)
             ... with a puff of flame
             ... on level 2 of the Dungeon.
             The game lasted 00:03:17 (1480 turns).

zeke the Shield-Bearer (Minotaur Fighter)           Turns: 1480, Time: 00:03:18

Health: -1/47      AC:  8    Str: 21    XL:     5   Next: 57%
Magic:  4/4        EV:  8    Int:  5    God:
Gold:   117        SH: 10    Dex: 10    Spells: 0 memorised, 4 levels left

rFire  . . .     SeeInvis +     a - +0 war axe
rCold  . . .     Gourm    .     b - +0 scale mail
rNeg   . . .     Faith    .     c - +0 shield
rPois  .         Spirit   .     (helmet restricted)
rElec  .         Reflect  .     (no cloak)
rCorr  .         Harm     .     (no gloves)
MR     .....                    t - +0 pair of boots
Stlth  ..........               (no amulet)
                                (no ring)
                                m - ring of see invisible

@: no status effects
A: retaliatory headbutt, horns 2
a: no special abilities


You were on level 2 of the Dungeon.
You were very hungry.

You visited 1 branch of the dungeon, and saw 3 of its levels.

You collected 117 gold pieces.

Inventory:

Hand Weapons
 a - a +0 war axe (weapon)
Armour
 b - a +0 scale mail (worn)
 c - a +0 shield (worn)
 t - a +0 pair of boots (worn)
Jewellery
 m - a ring of see invisible (left hand)
 p - an uncursed ring of positive energy {unknown}
 s - an uncursed ring of stealth {unknown}
Scrolls
 g - 3 scrolls of identify {unknown}
 i - a scroll of noise {unknown}
 j - 3 scrolls of fog {unknown}
 l - a scroll of recharging {unknown}
 n - a scroll of random uselessness {unknown}
 q - a scroll of remove curse {unknown}
 x - a scroll of enchant armour {unknown}
Potions
 d - 2 potions of might
 e - a potion of berserk rage {unknown}
 h - a potion of mutation {unknown}
 o - a potion of lignification {unknown}
 r - a potion of haste {unknown}
 u - 2 potions of cancellation {unknown}
 v - a potion of curing {unknown}
 w - a potion of heal wounds {unknown}
Comestibles
 f - 3 bread rations
 k - a slice of pizza


   Skills:
 + Level 4.4 Fighting
 + Level 4.2 Axes
 + Level 4.7 Armour
 + Level 1.0 Dodging
 + Level 0.1 Stealth
 + Level 5.0 Shields


You had 4 spell levels left.
You didn't know any spells.

Dungeon Overview and Level Annotations

Branches:
Dungeon (3/15)

Altars:


Innate Abilities, Weirdness & Mutations

You reflexively headbutt those who attack you in melee.
You have a pair of horns on your head.


Message History

a falchion; 2 tomahawks; a chain mail You're too confused to move!
The orc wizard points at you and mumbles some strange words.
The magic dart hits you!
* * * LOW HITPOINT WARNING * * *
Unknown command.
The orc wizard hits you but does no damage.
There is a stone staircase leading down here.
You bump into the rock wall.
The orc wizard hits you but does no damage.
Things that are here:
a falchion; 2 tomahawks; a chain mail You bump into the rock wall.
You feel less confused.
The orc wizard hits you but does no damage.
You hit the orc wizard.
The orc wizard is severely wounded.
The orc wizard gestures at you while chanting.
The puff of flame hits you!
You die...

####.## #####.#.#.####......
#.....# #....###............
#.....### #.###.#.#...........
#....))^# #..........###.#####
#.....#.######.####.........#..'.
#.....#................######..#.
###..#####.....######..######'###
#..# #.##.#..o......##..'....
#).# #.##.#.@####รท..##..#....
#..# #.##.#..# #...#####.... #<.#
#.##.#..# #....#..#....
###..#####.##>#..####>...#..#....
#..............(......>.##'####'#
#..#.#####.......................
#..#.# ####.#..................
#..#.# #.##.####...#........
#..#.# #.##........##'####'#


You could see an orc wizard.

Vanquished Creatures
  An orc priest (D:3)
  An orc wizard (D:3)
  A gnoll (D:3)
  9 adders (D:2)
  An ooze (D:2)
  2 worms
  A leopard gecko (D:2)
  6 orcs
  3 giant cockroaches
  4 goblins
  4 hobgoblins
  3 jackals (D:2)
  2 kobolds
  A quokka (D:3)
  4 ball pythons (D:2)
  3 bats
  2 frilled lizards
  4 rats (D:2)
52 creatures vanquished.

Notes
Turn   | Place    | Note
-------+----------+-------------------------------------------
     0 | D:1      | zeke the Minotaur Fighter began the quest for the Orb.
     0 | D:1      | Reached XP level 1. HP: 19/19 MP: 0/0
   352 | D:2      | Reached XP level 2. HP: 27/27 MP: 1/1
   359 | D:2      | Reached skill level 4 in Shields
   363 | D:2      | Reached XP level 3. HP: 25/33 MP: 2/2
   601 | D:2      | Reached XP level 4. HP: 40/40 MP: 3/3
   673 | D:2      | Reached skill level 1 in Dodging
  1193 | D:3      | Found a faded altar of an unknown god.
  1201 | D:3      | Reached XP level 5. HP: 16/46 MP: 4/4
  1212 | D:3      | Reached skill level 5 in Shields
  1480 | D:2      | Killed from afar by an orc wizard

Skill      XL: |  1  2  3  4  5 |
---------------+----------------+-----
Fighting       | 4 |  4.4
Shields        | 4 5 |  5.0
Armour         | 4 |  4.7
Axes           | 3 4 |  4.2
Dodging        | 1 |  1.0
Stealth        | |  0.1

Action                   |  1- 3 |  4- 6 || total
-------------------------+-------+-------++-------
Melee: War axe           |    50 |    97 ||   147
       Headbutt          |     6 |    16 ||    22
  Eat: Chunk             |       |     1 ||     1
Armor: Scale mail        |    25 |    54 ||    79
Dodge: Dodged            |    23 |    35 ||    58
Block: Shield            |    47 |    70 ||   117
